 Dungeon Crawl Stone Soup version 0.16.1-4-g8e1b745 (webtiles) character file.

1985 Esekla the Cudgeler (level 9, -3/47 HPs)
             Began as a Vine Stalker Skald on Mar 27, 2015.
             Was a Follower of Makhleb.
             Slain by a wight
             ... wielding a +2 spear
             ... summoned by a shadow trap
             ... triggered by a giant newt
              (6 damage)
             ... on level 7 of the Dungeon.
             The game lasted 02:26:57 (7072 turns).

Esekla the Cudgeler (Vine Stalker Skald)            Turns: 7072, Time: 02:26:57

Health: -3/47      AC:  7    Str: 15    XL:     9   Next: 21%
Magic:  0/21       EV: 12    Int: 13    God:    Makhleb [*.....]
Gold:   322        SH:  0    Dex: 16    Spells: 4 memorised, 8 levels left

rFire  . . .     SeeInvis .     I - +2 whip (elec)
rCold  . . .     Clarity  .     o - +0 leather armour
rNeg   . . .     SustAb   .     (no shield)
rPois  .         Gourm    .     i - +0 helmet
rElec  .         Spirit   +     K - +0 cloak
rCorr  .         Warding  .     x - +1 pair of gloves
rMut   .         Stasis   .     (no boots)
MR     +....                    z - amulet of faith
Stlth  ++........               (no ring)
                                a - ring of wizardry

@: infused (expiring), drained, somewhat resistant to hostile enchantments,
unstealthy
A: fangs 3, regeneration 2, magic shield, antimagic bite, no device heal 3, rot
immunity
a: Renounce Religion


You were on level 7 of the Dungeon.
You worshipped Makhleb.
Makhleb was aware of your devotion.
You were not hungry.

You visited 2 branches of the dungeon, and saw 8 of its levels.
You also visited: Sewer.

You collected 322 gold pieces.

Inventory:

Hand weapons
 l - a +0 blowgun
 m - a +0 hunting sling
 s - a +3 halberd
 t - a +0 war axe
 u - a +1 spear
 I - a +2 whip of electrocution (weapon)
 J - a +4 quarterstaff of chaos
 L - a +0 hammer of venom
 O - a +3 short sword
Missiles
 e - 230 stones (quivered)
 g - 11 sling bullets of frost
 k - 37 sling bullets
 p - 34 poisoned needles
 G - 19 bolts of flame
Armour
 i - a +0 helmet (worn)
 o - a +0 leather armour (worn)
 x - a +1 pair of gloves (worn)
 K - a +0 cloak (worn)
Jewellery
 a - a ring of wizardry (left hand)
 z - an amulet of faith (around neck)
Magical devices
 r - a wand of paralysis (9)
 y - a wand of frost (41)
 B - a wand of magic darts (17)
 E - a wand of draining (5)
Scrolls
 b - a scroll of immolation
 f - 3 scrolls of remove curse
 h - 2 scrolls of identify
Potions
 d - a potion of haste {unknown}
 n - 2 potions of cure mutation
 w - 2 potions of berserk rage
 C - 2 potions of curing
 D - 3 potions of restore abilities
 H - a potion of mutation {unknown}
 M - a potion of invisibility {unknown}
 N - a potion of agility {unknown}
Books
 c - a book of Battle

   Spells                             Type                      Level
   a - Infusion                       Charms                       1
   b - Shroud of Golubria             Charms/Translocation         2
   c - Song of Slaying                Charms                       2
   d - Spectral Weapon                Hexes/Charms                 3
   e - Regeneration                   Charms/Necromancy            3
Comestibles
 j - 7 bread rations
 A - 2 beef jerkies


   Skills:
 - Level 5.2(4.6) Fighting
 * Level 2.2(1.6) Short Blades
 * Level 7.0(6.3) Maces & Flails
 - Level 2.0(1.4) Armour
 - Level 2.2(1.6) Dodging
 + Level 2.0(1.4) Stealth
 + Level 4.0(3.4) Spellcasting
 * Level 3.1(2.5) Hexes
 + Level 3.1(2.4) Charms
 - Level 1.1(0.5) Translocations
 * Level 0.6(0.0) Evocations


You had 8 spell levels left.
You knew the following spells:

 Your Spells              Type           Power        Failure   Level  Hunger
a - Infusion              Chrm           #.....       4%          1    #......
b - Shroud of Golubria    Chrm/Tloc      #.........   10%         2    ##.....
c - Spectral Weapon       Hex/Chrm       #.......     14%         3    ###....
d - Song of Slaying       Chrm           #.......     7%          2    ##.....


Dungeon Overview and Level Annotations

Branches:
Dungeon (7/15)             Temple (1/1) D:6

Altars:
Ashenzari
Elyvilon
Kikubaaqudgha
Makhleb
Okawaru
Qazlal
Ru
Sif Muna
Vehumet
The Shining One


Innate Abilities, Weirdness & Mutations

You have razor-sharp teeth.
You heal very quickly.
When hurt, damage is shared between your health and your magic reserves.
Your bite disrupts and absorbs the magic of your enemies.
Potions and wands cannot restore your health.
You are immune to rotting.


Message History

You barely miss the wight. You bite the wight. You drain its power.
The wight is severely damaged.
Your magical infusion is running out.
The wight hits you with an antimagic dire flail.
* * * LOW HITPOINT WARNING * * *
The wight barely misses you.
You hit the wight.
The wight is almost destroyed.
You hit the wight but do no damage.
There is a sudden explosion of sparks!
You destroy the wight!
The wight barely misses you.
Evoke which item? (* to show all) (? for menu, Esc to quit)
Zapping:
B - a wand of magic darts (18)
Press: ? - help, Shift-Dir - straight line, f - wight
Aim: a wight, wielding an enchanted spear and wearing a robe (lightly damaged, summoned)
The magic dart hits the wight.
The wight is lightly damaged.
This wand has 17 charges left.
The wight hits you from afar with an enchanted spear!
You die...

.........#
......##.#
.....###.# ....##
#.# #..## #.# ####
#.# #.# ##.# ###
#..# #@# #..# ##z#
#..# #.z# #..#
##..#
####..#####..##
####......z^(....#
...[....z###.....#
######...#########
# ##.......####


You could see 2 wights.

Vanquished Creatures
  A hippogriff (D:7)
  Menkaure (D:5)
  2 ice beasts
  2 ogres
  A centaur (D:6)
  A big kobold (Sewer)
  2 giant frogs (D:6)
  A scorpion (D:6)
  9 wights (D:7)
  A goliath beetle (D:7)
  A jelly (D:7)
  2 hounds
  2 giant frog skeletons
  6 worker ants
  2 orc wizards (D:4)
  Crazy Yiuf (D:5)
  An orc priest (D:4)
  3 crimson imps
  A hound zombie (D:7)
  A worker ant zombie (D:5)
  Robin (D:2)
  4 river rats (Sewer)
  4 adders
  A shadow imp (D:5)
  5 giant mites
  2 worms
  3 giant geckos
  9 orcs
  2 bat skeletons (D:7)
  21 hobgoblins
  23 jackals
  5 quokkas
  A ball python skeleton (D:6)
  10 bats
  5 giant cockroaches
  2 giant gecko zombies
  6 giant newts
  A giant spore (D:7)
  20 goblins
  A jackal skeleton (D:7)
  A jackal zombie (D:7)
  22 kobolds
  13 rats
  A ballistomycete (D:7)
204 creatures vanquished.

Notes
Turn   | Place    | Note
--------------------------------------------------------------
     0 | D:1      | Esekla, the Vine Stalker Skald, began the quest for the Orb.
     0 | D:1      | Reached XP level 1. HP: 11/11 MP: 3/3
   201 | D:1      | Reached skill level 1 in Dodging
   210 | D:1      | Reached XP level 2. HP: 15/15 MP: 5/5
   287 | D:1      | Learned a level 2 spell: Shroud of Golubria
   317 | D:1      | Reached skill level 1 in Armour
   424 | D:1      | Reached skill level 1 in Translocations
   424 | D:1      | Reached XP level 3. HP: 18/18 MP: 0/7
   499 | D:1      | Found an iron altar of Okawaru.
   508 | D:1      | Reached skill level 1 in Stealth
   982 | D:2      | Learned a level 3 spell: Spectral Weapon
  1075 | D:2      | Reached XP level 4. HP: 20/23 MP: 7/9
  1485 | D:2      | Noticed Robin
  1530 | D:2      | Killed Robin
  2061 | D:2      | Reached skill level 1 in Hexes
  2221 | D:3      | Reached XP level 5. HP: 28/28 MP: 11/11
  2637 | D:4      | Noticed an ogre
  2863 | D:4      | Gained mutation: You heal very quickly. [vine stalker growth]
  2863 | D:4      | Reached XP level 6. HP: 28/32 MP: 11/13
  3028 | D:4      | Killed an ogre
  3028 | D:4      | Reached skill level 4 in Fighting
  3093 | D:4      | Found a radiant altar of Vehumet.
  3799 | D:4      | Reached XP level 7. HP: 36/38 MP: 12/17
  3871 | D:5      | Entered Level 5 of the Dungeon
  4039 | D:5      | Found a glowing drain.
  4067 | Sewer    | Entered a sewer
  4221 | Sewer    | Reached skill level 5 in Fighting
  4257 | Sewer    | Found a white marble altar of Elyvilon.
  4354 | D:5      | Noticed Menkaure
  4364 | D:5      | Killed Menkaure
  4746 | D:5      | Gained mutation: You have razor-sharp teeth. [vine stalker growth]
  4746 | D:5      | Reached XP level 8. HP: 43/43 MP: 19/19
  4750 | D:5      | Learned a level 2 spell: Song of Slaying
  5265 | D:5      | Noticed Crazy Yiuf
  5333 | D:5      | Killed Crazy Yiuf
  5673 | D:6      | Found a staircase to the Ecumenical Temple.
  5754 | D:6      | Found a glowing golden altar of the Shining One.
  5841 | D:6      | Reached skill level 5 in Maces & Flails
  6070 | Temple   | Entered the Ecumenical Temple
  6083 | Temple   | Became a worshipper of Makhleb the Destroyer
  6132 | D:7      | Reached skill level 6 in Maces & Flails
  6239 | D:7      | Reached XP level 9. HP: 47/47 MP: 17/20
  6455 | D:7      | Found an ancient bone altar of Kikubaaqudgha.
  6645 | D:7      | Reached skill level 7 in Maces & Flails
  6853 | D:7      | Acquired Makhleb's first power
  7069 | D:7      | HP: 2/47 [wight/antimagic dire flail[a giant newt] (5)]
  7072 | D:7      | Slain by a wight

Action                   |  1- 3 |  4- 6 |  7- 9 || total
-------------------------+-------+-------+-------++-------
Melee: Short sword       |   170 |   275 |   132 ||   577
       Whip              |       |       |   200 ||   200
Throw: Stone             |    37 |   134 |    70 ||   241
 Cast: Infusion          |     3 |     9 |    16 ||    28
       Shroud of Golubri |     2 |     9 |    13 ||    24
       Spectral Weapon   |       |       |     1 ||     1
Evoke: Wand              |       |       |     1 ||     1
  Use: Scroll            |       |     3 |    13 ||    16
       Potion            |       |     3 |     2 ||     5
 Stab: Sleeping          |     4 |     1 |     7 ||    12
  Eat: Bread ration      |     1 |       |     2 ||     3
       Pizza             |       |     1 |       ||     1
       Meat ration       |       |     1 |       ||     1
       Beef jerky        |       |       |     2 ||     2
